 Dungeon Crawl Stone Soup version 0.20.0-15-g7f486f2 (webtiles) character file.

124 galech the Skirmisher (level 5, -4/57 HPs)
             Began as an Ogre Fighter on June 26, 2017.
             Killed from afar by an orc wizard (11 damage)
             ... with a puff of frost
             ... on level 2 of the Dungeon.
             The game lasted 00:04:23 (2989 turns).

galech the Skirmisher (Ogre Fighter)                Turns: 2989, Time: 00:04:24

Health: -4/57      AC:  3    Str: 21    XL:     5   Next: 8%
Magic:  5/5        EV:  8    Int:  9    God:
Gold:   115        SH:  8    Dex:  8    Spells: 4/4 levels left

rFire    . . .     SeeInvis .   t - +5 club
rCold    . . .     Gourm    .   c - +0 shield
rNeg     . . .     Faith    .   b - +0 robe
rPois    +         Spirit   .   (helmet restricted)
rElec    .         Reflect  .   (no cloak)
rCorr    .         Harm     .   (gloves unavailable)
MR       .....                  (boots unavailable)
Stlth    +.........             (no amulet)
Regen    0.2/turn               r - ring of poison resistance
MPRegen  0.1/turn               (no ring)

@: no status effects
A: unfitting armour, tough skin 1
a: no special abilities


You were on level 2 of the Dungeon.
You were not hungry.

You visited 1 branch of the dungeon, and saw 3 of its levels.

You collected 115 gold pieces.

Inventory:

Hand Weapons
 t - a +5 club (weapon)
Armour
 b - a +0 robe (worn)
 c - a +0 shield (worn)
Jewellery
 r - a ring of poison resistance (left hand)
Scrolls
 e - a scroll of remove curse
 j - a scroll of teleportation {unknown}
 m - a scroll of amnesia {unknown}
 s - a scroll of immolation
Potions
 d - a potion of might
 k - a potion of flight {unknown}
 n - a potion of lignification {unknown}
 q - a potion of brilliance {unknown}
Comestibles
 a - 2 chunks of flesh
 f - 3 bread rations
 h - 5 fruits
 l - a meat ration


   Skills:
 + Level 5.0 Fighting
 + Level 2.9 Maces & Flails
 + Level 3.3 Dodging
 + Level 0.2 Stealth
 + Level 3.2 Shields


You had 4 spell levels left.
You didn't know any spells.

Dungeon Overview and Level Annotations

Branches:
Dungeon (3/15)

Altars:
Kikubaaqudgha


Innate Abilities, Weirdness & Mutations

You are too large for most types of armour.
You have tough skin. (AC +1)


Message History

You climb upwards.
There is a stone staircase leading down here.
You completely miss something. Something hits you.
Something completely misses you.
You hit something. Something hits you.
* * * LOW HITPOINT WARNING * * *
Something hits you.
* * * LOW HITPOINT WARNING * * *
You closely miss something. Something hits you but does no damage.
You hit something but do no damage. Something hits you.
* * * LOW HITPOINT WARNING * * *
You miss something. Something hits you.
* * * LOW HITPOINT WARNING * * *
Something hits you.
* * * LOW HITPOINT WARNING * * *
You miss something.
You hear some strange, mumbled words.
A puff of frost appears from out of thin air!
The puff of frost hits you!
You die...

#.# #.#..#
#########.######.#..#
..........##........#
.########.#...#....##
.# #.......)...# ##
##...........#
#######............#
##............#.[.###
##.#####...####.@.#
##.######รท## ##{##
#.......)<# #[#
#...####### #)# ....#
#.#
....############.#
####.............#
#.#############
####.#


There were no monsters in sight!

Vanquished Creatures
  Jessica (D:2)
  Robin (D:2)
  An adder (D:2)
  A worm (D:2)
  4 dart slugs (D:1)
  A leopard gecko (D:2)
  4 orcs (D:2)
  A ball python (D:2)
  10 goblins
  8 hobgoblins
  4 jackals (D:1)
  7 bats
  5 frilled lizards
  6 kobolds
  9 rats
63 creatures vanquished.

Notes
Turn   | Place    | Note
-------+----------+-------------------------------------------
     0 | D:1      | galech the Ogre Fighter began the quest for the Orb.
     0 | D:1      | Reached XP level 1. HP: 24/24 MP: 1/1
   116 | D:1      | Reached XP level 2. HP: 21/33 MP: 2/2
   602 | D:1      | Reached XP level 3. HP: 35/40 MP: 3/3
  1486 | D:2      | Noticed Robin
  2065 | D:2      | Reached XP level 4. HP: 30/49 MP: 4/4
  2070 | D:2      | Killed Robin
  2396 | D:2      | Found an ancient bone altar of Kikubaaqudgha.
  2486 | D:3      | Noticed Jessica
  2499 | D:2      | Killed Jessica
  2499 | D:2      | Reached skill level 5 in Fighting
  2667 | D:2      | Reached XP level 5. HP: 29/57 MP: 5/5
  2989 | D:2      | Killed from afar by an orc wizard

Skill      XL: |  1  2  3  4 |
---------------+-------------+-----
Maces & Flails | 2 |  2.9
Shields        | 3 |  3.2
Dodging        | 3 |  3.3
Fighting       | 5 |  5.0
Stealth        | |  0.2

Action                   |  1- 3 |  4- 6 || total
-------------------------+-------+-------++-------
Melee: Flail             |   162 |     5 ||   167
       Club              |       |    44 ||    44
  Use: Scroll            |       |     4 ||     4
  Eat: Chunk             |     4 |     3 ||     7
Armor: Robe              |    67 |     8 ||    75
Dodge: Dodged            |    70 |    19 ||    89
Block: Shield            |    99 |    26 ||   125
